 Dungeon Crawl Stone Soup version 0.24.0-29-g8ce449bc06 (webtiles) character file.

Game seed: 15015809113425347118, levelgen mode: deterministic

61 Mrkan the Chucker (level 3, 0/36 HPs)
             Began as a Troll Hunter on Nov 16, 2019.
             Slain by an orc priest
             ... wielding a +0 falchion
              (6 damage)
             ... on level 3 of the Dungeon.
             The game lasted 00:03:37 (1528 turns).

Mrkan the Chucker (Troll Hunter)                    Turns: 1528, Time: 00:03:38

Health: 0/36       AC:  6    Str: 20    XL:     3   Next: 83%
Magic:  2/2        EV: 10    Int:  8    God:
Gold:   90         SH:  0    Dex: 10    Spells: 2/2 levels left

rFire    . . .     SeeInvis .     - Unarmed
rCold    . . .     Gourm    +   (no shield)
rNeg     . . .     Faith    .   b - +0 robe
rPois    .         Spirit   .   (helmet restricted)
rElec    .         Reflect  .   (no cloak)
rCorr    .         Harm     .   (gloves unavailable)
MR       .....                  (boots unavailable)
Stlth    +.........             (no amulet)
HPRegen  0.52/turn              (no ring)
MPRegen  0.08/turn              (no ring)

@: no status effects
A: large, unfitting armour, claws 3, fast metabolism 3, gourmand, regeneration
1, shaggy fur 1, tough skin 3
a: no special abilities


You were on level 3 of the Dungeon.
You were not hungry.

You visited 1 branch of the dungeon, and saw 3 of its levels.

You collected 90 gold pieces.

Inventory:

Missiles
 c - 5 large rocks (quivered)
 d - 2 throwing nets
 k - 7 curare-tipped darts
Armour
 b - a +0 robe (worn)
Scrolls
 g - 2 scrolls of remove curse {unknown}
 h - 2 scrolls of identify {unknown}
 i - a scroll of fear {unknown}
 j - a scroll of magic mapping {unknown}
Potions
 a - 2 potions of curing {unknown}
 e - 2 potions of invisibility {unknown}
Comestibles
 f - 3 rations


   Skills:
 + Level 2.3 Fighting
 - Level 3.6 Throwing
 - Level 1.5 Dodging
 - Level 0.3 Stealth
 * Level 2.8 Unarmed Combat


You had 2 spell levels left.
You didn't know any spells.
Your spell library was empty.

Dungeon Overview and Level Annotations

Branches:
Dungeon (3/15)

Altars:


Innate Abilities, Weirdness & Mutations

You are too large for most types of armour.
You have claws for hands.
Your metabolism is lightning-fast.
You like to eat raw meat.
Your natural rate of healing is unusually fast.
You are covered in fur. (AC +1)
You have extremely tough skin. (AC +3)


Message History

You claw the orc!
You kill the orc!
The orc priest calls down the wrath of Beogh upon you.
Beogh smites you!
You scratch the orc but do no damage. The orc hits you but does no damage.
You scratch the orc but do no damage. The orc hits you but does no damage.
You closely miss the orc. The orc hits you with a +0 club.
You scratch the orc but do no damage. You claw the orc!
You kill the orc!
The orc priest mumbles some strange prayers to Beogh against you.
Pain shoots through your body!
The orc priest mumbles some strange prayers to Beogh against you.
Beogh smites you!
* * * LOW HITPOINT WARNING * * *
Items here: )) [[ †† You scratch the orc priest.
The orc priest is lightly wounded.
The orc priest hits you with a +0 falchion.
You die...

##..o.## #.###......##
#........o..# #####.......#
######....#.####
................#
#########..#.##o#
###...........##o#
...#######.#.##@# #.#.##
#.#.##.# ###..#.## #.#.##.# #
...÷###.# #...##.#########...
.##..#.## #.................#
.##.#<## #.#.######........#
....#######....#####.########
.##................#.#
...........#...###.#.#


You could see an orc priest and an orc.

Vanquished Creatures
  A gnoll (D:1)
  2 adders (D:2)
  2 dart slugs (D:1)
  A leopard gecko (D:2)
  2 orcs (D:3)
  7 hobgoblins
  A kobold (D:1)
  6 bats
  A frilled lizard (D:1)
  3 goblins (D:1)
  2 rats
28 creatures vanquished.

Notes
Turn   | Place    | Note
-------+----------+-------------------------------------------
     0 | D:1      | Mrkan the Troll Hunter began the quest for the Orb.
     0 | D:1      | Reached XP level 1. HP: 19/19 MP: 0/0
   102 | D:1      | Reached skill level 1 in Unarmed Combat
   102 | D:1      | Reached XP level 2. HP: 2/28 MP: 1/1
   559 | D:1      | Reached XP level 3. HP: 35/35 MP: 2/2
  1442 | D:3      | Found a faded altar of an unknown god.
  1528 | D:3      | Slain by an orc priest

Levels and vault maps discovered:
D:1:      evilmike_arrival_rings, layout_basic
D:2:      layout_loops_ring
D:3:      layout_loops_ring, chequers_ecumenical_altar_twisty, first_ration

Skill      XL: |  1  2 |
---------------+-------+-----
Unarmed Combat | 1 2 |  2.8
Fighting       | 2 |  2.3
Throwing       | |  3.6
Dodging        | |  1.5
Stealth        | |  0.3

Action                   || total
-------------------------++-------
Melee: Unarmed           ||    90
  Eat: Chunk             ||    10
       Ration            ||     1
Armor: Robe              ||    40
Dodge: Dodged            ||    48
